Map: Flashback EE

Players

soulstealer

  • Race: Terran Terran
  • League: Gold
  • Spawn Location: 11:00

DRAGO

  • Race: Protoss Protoss
  • Spawn Location: 9:00

DARCKMASTERS

  • Race: Zerg Zerg
  • Spawn Location: 11:00

TATORREA

  • Race: Protoss Protoss
  • League: Gold
  • Spawn Location: 7:00

MrFercho

  • Race: Zerg Zerg
  • League: Gold
  • Spawn Location: 7:00

tigro

  • Race: Terran Terran
  • League: Bronze
  • Spawn Location: 7:00

VOD

Have the link to the VOD?

Description

Time

  • Played on: Aug. 1, 2020, 10:43 p.m.
  • Length: 8:11
Show
View Real Time Build Order
Export as new Build Order

soulstealer Terran 

Build Orders:  

Get SALT Encoding   

  12  0:01  SCV  
  13  0:13  SCV  
  14  0:17  Refinery  
  14  0:25  SCV  
  15  0:30  Supply Depot  
  15  0:51  SCV  
  15  0:54  Barracks  
  17  1:04  SCV  
  17  1:16  SCV  
  18  1:28  SCV  
  19  1:56  Orbital Command  
  19  2:05  Command Center  
  19  2:07  Marine  
  20  2:22  Supply Depot  
  20  2:26  SCV  
  20  2:28  Factory  
  21  2:39  SCV  
  21  2:42  Barracks Reactor  
  22  2:50  Barracks  
  22  2:58  SCV  
  23  3:01  Refinery  
  23  3:10  SCV  
  24  3:14  Factory Tech Lab  
  24  3:17  Orbital Command  
  24  3:22  SCV, Refinery  
  24  3:23  Marine x2  
  27  3:31  Supply Depot  
  27  3:34  SCV  
  27  3:37  Barracks Tech Lab  
  27  3:41  Marine x2  
  29  3:45  Siege Tank  
  33  3:51  SCV  
  34  4:03  SCV  
  34  4:09  Supply Depot  
  35  4:12  Combat Shield  
  35  4:14  Marine x2  
  35  4:15  Marine, SCV  
  39  4:25  Refinery  
  39  4:28  SCV x2  
  41  4:40  SCV x2  
  41  4:43  Siege Tank  
  46  4:47  Factory  
  46  4:49  Marauder, Marine x2  
  46  4:52  SCV x2  
  52  5:04  SCV x2  
  54  5:07  Marine x2  
  54  5:10  Marine  
  57  5:16  SCV x2  
  59  5:25  Marine x2  
  62  5:28  SCV  
  62  5:30  Engineering Bay  
  62  5:31  Concussive Shells  
  62  5:32  Factory Tech Lab  
  62  5:36  Barracks  
  62  6:07  Engineering Bay  
  62  6:21  Command Center  
  62  6:28  Armory  
  62  6:34  Supply Depot, Barracks Tech Lab  
  62  6:51  Marine  
  62  6:52  Marauder, Hellion x2, SCV  
  70  6:55  Marine  
  71  7:04  SCV  
  72  7:09  Marine  
  72  7:13  Marine x2, Siege Tank x2  
  81  7:16  SCV  
  82  7:27  Marine  
  82  7:28  SCV  
  84  7:30  Marine  
  85  7:40  SCV  
  85  7:41  Supply Depot  
  85  7:43  Supply Depot  
  86  7:44  Supply Depot  
Show
View Real Time Build Order
Export as new Build Order

DRAGO Protoss 

Build Orders:  

Get SALT Encoding   

  12  0:01  Probe (Chrono Boost)  
  13  0:11  Probe (Chrono Boost)  
  14  0:16  Probe (Chrono Boost)  
  15  0:24  Pylon  
  15  0:29  Assimilator  
  15  0:38  Assimilator  
  15  0:48  Gateway  
  15  0:52  Probe  
  16  1:04  Probe (Chrono Boost)  
  17  1:15  Probe (Chrono Boost)  
  18  1:20  Probe (Chrono Boost)  
  19  1:31  Probe  
  20  1:33  Pylon  
  20  1:44  Cybernetics Core  
  20  2:25  Stargate x2  
  20  2:33  Stargate  
  20  3:05  Void Ray (Chrono Boost)  
  24  3:16  Pylon  
  28  3:25  Void Ray (Chrono Boost)  
  28  3:35  Pylon  
  28  3:38  Void Ray (Chrono Boost)  
  32  4:01  Void Ray  
  36  4:08  Pylon  
  36  4:14  Void Ray  
  40  4:44  Void Ray  
  44  4:59  Void Ray  
  35  5:52  Void Ray  
  39  6:02  Void Ray  
  43  6:33  Void Ray (Chrono Boost)  
  47  6:54  Probe (Chrono Boost)  
  48  7:05  Probe (Chrono Boost)  
Show
View Real Time Build Order
Export as new Build Order

DARCKMASTERS Zerg 

Build Orders: Pool First 

Get SALT Encoding   

  12  0:02  Drone  
  13  0:15  Drone  
  14  0:23  Overlord  
  14  0:36  Spawning Pool  
  14  0:41  Drone  
  14  0:49  Drone x2  
  16  0:56  Drone  
  17  1:03  Extractor  
  17  1:04  Drone  
  17  1:11  Extractor  
  17  1:13  Drone  
  17  1:26  Zergling x2  
  18  1:42  Queen  
  20  2:03  Drone  
  20  2:04  Drone  
  20  2:05  Overlord  
  22  2:30  Drone x2  
  22  2:33  Hatchery  
  23  3:01  Drone x2  
  23  3:02  Drone  
  23  3:03  Roach Warren  
  25  3:14  Hatchery  
  25  3:16  Drone x2  
  25  3:17  Drone  
  27  3:49  Drone  
  27  3:55  Roach x2  
  32  3:56  Roach x2  
  32  3:57  Overlord x2  
  36  4:14  Queen  
  38  4:32  Queen  
  38  4:34  Roach  
  38  4:38  Drone x3  
  45  4:45  Roach x3  
  51  4:47  Lair  
  51  4:57  Drone  
  52  5:05  Drone x3  
  55  5:08  Queen  
  57  5:17  Drone  
  58  5:27  Spore Crawler  
  57  5:32  Extractor  
  57  5:34  Drone  
  57  5:37  Drone  
  57  5:39  Overlord x5  
  58  5:52  Overlord x3  
  58  5:53  Overlord  
  58  6:03  Roach x2  
  62  6:05  Queen  
  62  6:08  Drone x5  
  69  6:18  Drone  
  70  6:31  Spire  
  69  6:36  Roach x3  
  69  6:38  Glial Reconstitution  
  75  6:40  Overseer  
  75  6:42  Overseer  
  75  6:49  Roach x3  
  81  7:05  Roach x4  
  89  7:27  Roach x6  
  101  7:35  Drone  
  101  7:36  Drone x2  
  104  7:37  Roach x2  
  104  7:38  Roach  
  110  7:53  Drone x2  
  110  7:54  Drone x2  
Show
View Real Time Build Order
Export as new Build Order

TATORREA Protoss 

Build Orders:  

Get SALT Encoding   

  12  0:04  Probe  
  13  0:16  Probe  
  14  0:28  Probe  
  14  0:30  Pylon  
  15  0:49  Probe  
  16  1:01  Probe  
  17  1:16  Gateway  
  17  1:18  Gateway  
  17  1:20  Probe (Chrono Boost)  
  18  1:30  Probe (Chrono Boost)  
  19  1:35  Assimilator, Probe (Chrono Boost)  
  19  1:37  Pylon  
  20  1:47  Probe  
  20  2:18  Nexus  
  20  2:21  Pylon  
  20  2:22  Pylon  
  20  2:32  Probe, Cybernetics Core  
  20  2:35  Assimilator  
  21  2:41  Zealot  
  21  2:42  Zealot  
  25  2:44  Probe (Chrono Boost)  
  26  2:56  Probe (Chrono Boost)  
  27  3:01  Probe (Chrono Boost)  
  28  3:13  Probe  
  28  3:15  Warp Gate (Chrono Boost), Stargate  
  29  3:25  Probe  
  30  3:31  Probe  
  31  3:37  Probe  
  31  3:38  Stalker  
  31  3:39  Stalker  
  36  3:44  Probe  
  37  3:49  Probe  
  38  3:56  Probe  
  38  4:00  Pylon  
  38  4:01  Oracle (Chrono Boost), Probe  
  43  4:08  Probe  
  44  4:13  Probe  
  45  4:20  Probe  
  46  4:25  Probe  
  46  4:29  Assimilator  
  47  4:32  Assimilator, Probe  
  47  4:35  Oracle (Chrono Boost)  
  47  4:38  Probe  
  52  4:59  Probe x2  
  52  5:14  Probe  
  52  5:15  Probe  
  54  5:26  Probe  
  55  6:09  Stalker  
  55  6:10  Stalker  
  59  6:43  Stalker x2  
  63  6:51  Stargate  
  63  6:53  Fleet Beacon  
  63  6:54  Stargate  
  63  6:56  Stargate  
  63  7:03  Phoenix (Chrono Boost)  
  65  7:12  Stalker  
  65  7:13  Stalker  
  68  7:58  Stalker  
Show
View Real Time Build Order
Export as new Build Order

MrFercho Zerg 

Build Orders: Hatch First 

Get SALT Encoding   

  12  0:02  Drone  
  13  0:16  Overlord  
  13  0:17  Drone  
  14  0:35  Drone x2  
  16  0:51  Drone  
  16  0:54  Hatchery  
  16  0:56  Drone  
  17  1:03  Drone  
  18  1:11  Extractor  
  17  1:17  Spawning Pool  
  17  1:18  Drone  
  17  1:22  Drone  
  18  1:32  Drone  
  19  1:44  Drone  
  20  1:56  Drone  
  21  2:06  Queen x2  
  25  2:09  Zergling x4  
  27  2:16  Overlord  
  27  2:22  Drone  
  28  2:26  Metabolic Boost  
  28  2:36  Drone x2  
  30  2:50  Drone x4  
  34  2:54  Lair  
  34  2:58  Queen  
  36  3:11  Overlord x2  
  36  3:31  Drone x3  
  36  3:32  Drone x3  
  36  3:33  Drone x2  
  44  3:34  Hatchery  
  44  3:37  Extractor  
  44  3:38  Extractor  
  41  3:43  Zergling x8  
  45  3:58  Evolution Chamber  
  45  3:59  Drone  
  45  4:00  Drone x2  
  45  4:01  Drone, Evolution Chamber  
  45  4:02  Drone x2  
  49  4:21  Drone x3  
  52  4:31  Overlord x2  
  52  4:32  Overlord x3  
  52  4:36  Spore Crawler  
  52  4:38  Queen  
  51  4:39  Spore Crawler  
  42  4:56  Drone x10  
  52  5:10  Overseer  
  52  5:21  Spore Crawler  
  52  5:23  Spore Crawler  
  47  5:48  Drone x2  
  47  5:49  Extractor  
  36  6:28  Hydralisk Den  
  36  6:30  Drone x12  
  43  6:33  Queen  
  43  6:36  Queen  
  47  6:42  Queen  
  49  6:51  Hatchery  
  49  6:52  Drone  
  49  6:53  Drone x2  
  51  6:58  Muscular Augments  
  51  6:59  Hydralisk x5  
  56  7:34  Hydralisk x9  
  74  7:38  Extractor  
  71  7:49  Nydus Network, Drone x3  
Show
View Real Time Build Order
Export as new Build Order

tigro Terran 

Build Orders:  

Get SALT Encoding   

  12  0:16  SCV  
  13  0:28  Supply Depot, SCV  
  14  0:40  SCV  
  15  0:51  Supply Depot  
  15  0:52  SCV  
  16  0:59  Barracks  
  16  1:04  SCV  
  17  1:13  Refinery  
  17  1:16  SCV  
  18  1:29  SCV  
  19  1:39  Refinery  
  19  1:41  SCV  
  20  1:48  Marine  
  20  1:53  SCV  
  22  2:05  SCV  
  22  2:06  Marine  
  24  2:18  Factory  
  24  2:19  SCV  
  25  2:24  Marine  
  25  2:27  Engineering Bay  
  26  2:32  Orbital Command  
  26  2:41  Marine  
  27  2:59  Marine  
  28  3:09  Factory Tech Lab  
  28  3:24  Barracks Tech Lab  
  28  3:27  Command Center, Terran Infantry Weapons Level 1  
  28  3:49  Siege Tank  
  31  4:21  Siege Tank  
  34  4:43  Refinery  
  34  5:21  Terran Infantry Armor Level 1  
  34  5:24  Combat Shield  
  34  5:29  Marine  
  35  5:42  Starport  
  35  5:46  Marine  
  36  6:04  Marine  
  37  6:16  SCV  
  37  6:22  Marine  
  36  6:28  SCV  
  37  6:40  Marine, SCV  
  39  6:53  SCV  
  40  6:54  Medivac  
  42  7:05  SCV  
  42  7:07  Armory, Marine  
  44  7:17  SCV  
  45  7:24  Medivac  
  45  7:25  Marine  
  45  7:29  SCV  
  49  7:41  SCV  
  49  7:42  Marine  
  51  7:53  SCV  
  51  7:55  Fusion Core  
Tags
 
Add a new tag
Caveats
  • Supply blocks, unpowered buildings, or Contaminate may cause inaccurate times.
  • Supply counts are checked every 10 seconds.